 Dungeon Crawl Stone Soup version 0.22-a0-299-g43f9854 (webtiles) character file.

141546 erloom the Brawler (level 16, -1/171 HPs)
             Began as a Troll Monk on Mar 24, 2018.
             Was a High Priest of Elyvilon.
             Slain by an eight-headed hydra (5 damage)
             ... on level 3 of the Swamp on Mar 25, 2018.
             The game lasted 02:23:38 (32015 turns).

erloom the Brawler (Troll Monk)                    Turns: 32015, Time: 02:23:40

Health: -1/171     AC: 11    Str: 26    XL:     16   Next: 78%
Magic:  28/30      EV: 16    Int:  7    God:    Elyvilon [*****.]
Gold:   2079       SH: 11    Dex: 19    Spells: 15/15 levels left

rFire    + + .     SeeInvis .     - Unarmed
rCold    + . .     Gourm    +   K - +0 shield
rNeg     + . .     Faith    .   y - +0 swamp dragon scales
rPois    +         Spirit   .   J - +1 hat
rElec    +         Reflect  .   C - scarf {rC+ rF+}
rCorr    .         Harm     .   (gloves unavailable)
MR       +....                  (boots unavailable)
Stlth    +.........             d - amulet "Unojonis" {RegenMP rElec MP+9 Str+2 Dex+4}
HPRegen  0.78/turn              H - ring of protection from fire
MPRegen  0.47/turn              F - ring of positive energy

@: no status effects
A: large, unfitting armour, claws 3, fast metabolism 3, gourmand, regeneration
1, shaggy fur 1, tough skin 2
a: Lesser Healing, Heal Other, Purification, Greater Healing, Divine Vigour,
Divine Protection, Renounce Religion


You were on level 3 of the Swamp.
You worshipped Elyvilon.
Elyvilon was extremely pleased with you.
You were full.

You visited 6 branches of the dungeon, and saw 29 of its levels.
You visited the Abyss 2 times.
You also visited: Labyrinth.

You collected 3279 gold pieces.
You spent 1200 gold pieces at shops.

Inventory:

Hand Weapons
 g - the +9 eveningstar of Annoyance {elec, *Slow Int+8 SInv}
   (You took it off a minotaur in a labyrinth)

   Occasionally, upon striking a foe, it will discharge some electrical energy
   and cause terrible harm.
   It affects your intelligence (+8).
   It lets you see invisible.
   It may slow you when you take damage.
 N - the +5 pair of quick blades "Gyre" and "Gimble" {pierce, Dex-3}
   (You found it in a labyrinth)

   It inflicts extra damage upon your enemies.
   It affects your dexterity (-3).
 X - the +11 arbalest of Day {elec, rC+, unknown}
   (You found it on level 1 of the Swamp)

   It charges the ammunition it shoots with electricity; occasionally upon a
   hit, such missiles may discharge and cause terrible harm.
   It protects you from cold.
Missiles
 m - 27 large rocks (quivered)
 q - a throwing net
Armour
 a - a +0 large shield
 w - a +3 troll leather armour
 y - +0 swamp dragon scales (worn)
 C - a scarf of resistance (worn)
 J - a +1 hat (worn)
 K - a +0 shield (worn)
 V - +0 acid dragon scales
 W - the +1 robe of Protective Custody {MR+ Stlth+}
   (You found it on level 6 of the Lair of Beasts)

   It affects your resistance to hostile enchantments.
   It makes you more stealthy.
Jewellery
 d - the amulet "Unojonis" (around neck) {RegenMP rElec MP+9 Str+2 Dex+4}
   (You bought it in a shop on level 2 of the Orcish Mines)

   [amulet of magic regeneration]

   It increases your magic regeneration.
   It affects your strength (+2).
   It affects your dexterity (+4).
   It insulates you from electricity.
   It affects your magic capacity (+9).
 F - a ring of positive energy (right claw)
 H - a ring of protection from fire (left claw)
 O - a +4 amulet of reflection
Wands
 l - a wand of acid (9)
 s - a wand of flame (51)
 G - a wand of digging (23)
 L - a wand of disintegration (27)
 Q - a wand of scattershot (8)
 R - a wand of iceblast (13)
Scrolls
 c - 11 scrolls of teleportation
 f - 3 scrolls of amnesia
 k - a scroll of blinking
 n - a scroll of fog
 p - 2 scrolls of enchant weapon
 r - 2 scrolls of fear
 u - 9 scrolls of remove curse
 x - a scroll of enchant armour
 P - 3 scrolls of immolation
 S - 2 scrolls of magic mapping
 T - 6 scrolls of identify
 Z - a scroll of summoning
Potions
 e - 2 potions of brilliance
 h - 11 potions of curing
 i - 4 potions of ambrosia
 j - a potion of agility
 o - 6 potions of heal wounds
 t - a potion of invisibility
 v - 3 potions of flight
 z - 2 potions of resistance
 B - 2 potions of lignification
 E - a potion of cancellation
 I - 2 potions of haste
Miscellaneous
 A - a fan of gales
 D - 2 sacks of spiders
 U - a box of beasts
 Y - a phantom mirror
Comestibles
 b - 43 rations


   Skills:
 + Level 13.8 Fighting
 - Level 5.0 Throwing
 - Level 2.7 Armour
 + Level 11.1 Dodging
 - Level 1.0 Stealth
 + Level 6.7 Shields
 + Level 17.8 Unarmed Combat
 - Level 8.4 Invocations


You had 15 spell levels left.
You didn't know any spells.

Dungeon Overview and Level Annotations

Branches:
Dungeon (15/15)            Temple (1/1) D:7            Lair (6/6) D:10
  Swamp (4/4) Lair:3       Spider (1/4) Lair:2        Slime (0/5) Lair:5
    Orc (2/2) D:11            Elf (0/3) Orc:2        Vaults (0/5) D:14
 Depths: D:15

Altars:
Ashenzari
Cheibriados
Dithmenos
Elyvilon
Fedhas
Gozag
Hepliaklqana
Kikubaaqudgha
Makhleb
Nemelex Xobeh
Okawaru
Qazlal
Ru
Sif Muna
Trog
Uskayaw
Vehumet
Wu Jian
Xom
Yredelemnul
Zin
The Shining One
Beogh
Jiyva

Shops:
Orc:1 *   Orc:2 =[::


Innate Abilities, Weirdness & Mutations

You are too large for most types of armour.
You have claws for hands.
Your metabolism is lightning-fast.
You like to eat raw meat.
Your natural rate of healing is unusually fast.
You are covered in fur. (AC +1)
You have very tough skin. (AC +2)


Message History

* * * LOW HITPOINT WARNING * * *
The eight-headed hydra bites you.
* * * LOW HITPOINT WARNING * * *
The eight-headed hydra bites you!
* * * LOW HITPOINT WARNING * * *
Press: ? - help, Dir - move target cursor, f/p - eight-headed hydra Heal: an eight-headed hydra (severely wounded)
The light of Elyvilon fails to reach the eight-headed hydra.
You feel somewhat less full.
The eight-headed hydra closely misses you.
You block the eight-headed hydra's attack.
The eight-headed hydra bites you but does no damage.
The eight-headed hydra bites you!
* * * LOW HITPOINT WARNING * * *
The eight-headed hydra bites you!
* * * LOW HITPOINT WARNING * * *
The eight-headed hydra completely misses you.
The eight-headed hydra barely misses you.
The eight-headed hydra bites you.
You die...

♣..≈≈ ♣♣♣♣ ♣♣♣♣♣♣♣
♣♣.≈≈≈
♣♣≈≈♣♣♣≈♣♣..♣♣♣≈.≈≈≈
♣≈..≈♣.≈♣....≈≈...≈≈
♣♣....≈.♣≈..≈≈≈≈≈≈≈≈
♣♣..♣.≈.≈♣♣≈≈≈≈≈≈≈≈≈
♣♣(..≈....♣.≈≈≈≈≈≈≈≈≈
♣♣♣..D..≈≈≈≈≈.≈≈≈≈≈≈≈.≈
♣§....@≈≈≈≈≈..≈§.≈≈.♣♣.
♣≈.≈♣♣≈≈≈≈≈≈♣..≈...♣♣♣♣
♣♣♣♣♣♣♣.....♣♣.≈.♣♣♣♣♣
♣♣♣♣♣≈......♣♣≈>≈♣♣♣≈♣♣
♣≈...≈§....♣♣♣♣♣♣.?.≈.♣
♣..≈≈≈♣≈≈♣♣♣ ♣♣.....≈≈
♣♣♣♣♣♣♣♣♣..♣♣♣♣.≈≈≈.≈♣.
♣♣≈≈≈.≈.≈≈..≈..≈≈≈≈.♣♣
♣♣.≈≈...≈≈≈≈≈≈≈...≈≈≈.≈


You could see an eight-headed hydra.

Vanquished Creatures
  Rupert (Lair:6)
  2 tentacled starspawn (Abyss:2)
  Agnes (D:14)
  2 ghouls (D:15)
  A deep elf demonologist (Abyss:2)
  Nessos (D:14)
  A dire elephant (shapeshifter) (D:13)
  A minotaur (Lab)
  Josephine (D:14)
  An ice dragon (Swamp:4)
  4 vault guards (D:14)
  2 hydras
  A ghost crab (Swamp:2)
  2 centaur warriors
  7 two-headed ogres
  An ogre mage (D:15)
  4 death yaks (Lair:6)
  5 orc high priests (Orc:2)
  8 alligators
  3 spriggans
  A wretched star (Abyss:2)
  2 unseen horrors
  2 iron trolls (D:13)
  5 swamp dragons
  3 shambling mangroves
  7 wizards (D:12)
  4 large abominations (Abyss:2)
  An orc sorcerer (Orc:1)
  A necromancer (D:15)
  6 orc knights (Orc:2)
  A shining eye (shapeshifter) (D:14)
  3 wolf spider zombies (D:15)
  A deep elf mage (D:15)
  8 ugly things
  2 wolf spiders (Spider:1)
  6 cyclopes
  A manticore (D:13)
  A black mamba (Lair:2)
  A guardian serpent (D:9)
  A gargoyle (D:14)
  28 spiny frogs
  4 rime drakes
  A kobold demonologist (D:14)
  2 freezing wraiths
  2 efreet (D:14)
  4 komodo dragons
  A guardian mummy (D:15)
  A polar bear (Lair:6)
  3 ancient zymes (Abyss:2)
  13 trolls
  2 hellwings (Abyss:2)
  11 tyrant leeches
  A wolf spider simulacrum (D:15)
  Prince Ribbit (D:5)
  10 hornets
  30 slime creatures
  23 blink frogs
  6 hippogriffs
  3 bog bodies
  2 dream sheep (D:9)
  2 harpy skeletons (D:15)
  A redback (Spider:1)
  A tarantella (Spider:1)
  A water elemental (D:13)
  6 wraiths
  2 vampires
  3 shadows
  2 basilisks (D:10)
  38 yaks
  A fire bat (Abyss:2)
  2 small abominations (Abyss:2)
  A hungry ghost (D:7)
  24 vampire mosquitoes
  4 acid dragons
  17 swamp worms
  A soldier ant (D:11)
  8 water moccasins
  14 porcupines
  Duvessa (D:5)
  3 black bears
  A sky beast (D:8)
  31 orc warriors
  3 swamp drakes
  4 ice beasts
  A hornet zombie (D:9)
  An eye of draining (D:9)
  14 ogres
  3 boggarts (D:14)
  13 wolves
  8 centaurs
  7 crocodiles
  6 big kobolds
  A wyvern zombie (D:15)
  33 bullfrogs
  Dowan (D:4)
  11 scorpions
  A wyvern skeleton (D:12)
  A hornet simulacrum (D:15)
  2 killer bees (D:9)
  4 electric eels
  2 howler monkeys (D:14)
  4 lava snakes (Lab)
  6 crimson imps
  2 quasits
  2 bullfrog zombies
  6 centaur zombies
  2 jellies
  6 hounds
  32 orc priests
  2 centaur skeletons
  22 orc wizards
  5 bullfrog skeletons
  5 iguanas
  12 worker ants
  A killer bee zombie (D:8)
  A hound skeleton (D:7)
  2 mummies (D:15)
  A gnoll (D:1)
  A howler monkey skeleton (D:6)
  14 adders
  7 shadow imps
  An ooze (D:2)
  2 adder skeletons
  3 worms
  4 dart slugs
  6 leopard geckos
  102 orcs
  8 bats
  5 giant cockroaches
  5 goblins
  9 hobgoblins
  8 jackals
  8 quokkas
  5 ball pythons
  4 frilled lizards
  21 kobolds
  A leopard gecko skeleton (D:8)
  4 rats
  2 plants (Swamp:1)
  A starspawn tentacle (Abyss:2)
866 creatures vanquished.

Vanquished Creatures (collateral kills)
  A spiny frog (Lair:6)
1 creature vanquished.

Vanquished Creatures (others)
  A wizard (D:12)
  A centaur zombie (D:14)
  A spiny frog (Swamp:2)
  A slime creature (D:14)
  A hippogriff (Lair:5)
  2 orcs
  A bush (Lair:6)
  19 fungi
  48 plants
  5 starspawn tentacles (Abyss:2)
  2 withered plants (D:15)
82 creatures vanquished.

Grand Total: 949 creatures vanquished

Notes
Turn   | Place    | Note
-------+----------+-------------------------------------------
     0 | D:1      | erloom the Troll Monk began the quest for the Orb.
     0 | D:1      | Reached XP level 1. HP: 22/22 MP: 0/0
   103 | D:1      | Reached XP level 2. HP: 27/29 MP: 1/1
   351 | D:1      | Reached XP level 3. HP: 36/37 MP: 2/2
   698 | D:2      | Reached skill level 4 in Unarmed Combat
   797 | D:2      | Reached XP level 4. HP: 45/45 MP: 3/3
  1108 | D:3      | Found a hide-covered altar of Uskayaw.
  1205 | D:3      | Found a transporter.
  1261 | D:3      | Found a transporter.
  1356 | D:3      | Reached XP level 5. HP: 54/54 MP: 4/4
  1475 | D:3      | Found a shimmering altar of Xom.
  1478 | D:3      | Found an opulent altar of Gozag.
  1563 | D:3      | Reached skill level 5 in Unarmed Combat
  1812 | D:4      | Found a sacrificial altar of Ru.
  1820 | D:4      | Reached XP level 6. HP: 62/62 MP: 5/5
  2529 | D:5      | Entered Level 5 of the Dungeon
  2538 | D:5      | Noticed Duvessa
  2539 | D:5      | Noticed Dowan
  2587 | D:5      | Killed Duvessa
  2587 | D:5      | Reached skill level 5 in Fighting
  2587 | D:5      | Reached skill level 6 in Unarmed Combat
  2587 | D:5      | Reached XP level 7. HP: 45/72 MP: 6/6
  2605 | D:4      | Killed Dowan
  2801 | D:5      | Got a wizard robe
  2895 | D:5      | Noticed Prince Ribbit
  2944 | D:5      | Killed Prince Ribbit
  2944 | D:5      | Reached skill level 7 in Unarmed Combat
  2944 | D:5      | Reached XP level 8. HP: 55/83 MP: 7/7
  3197 | D:5      | Found a shimmering altar of Xom.
  3619 | D:6      | Reached skill level 8 in Unarmed Combat
  3949 | D:6      | Found a stormy altar of Qazlal.
  4340 | D:7      | Found a staircase to the Ecumenical Temple.
  4346 | Temple   | Entered the Ecumenical Temple
  4436 | Temple   | Became a worshipper of Elyvilon the Healer
  4436 | Temple   | Reached * piety under Elyvilon
  4436 | Temple   | Reached ** piety under Elyvilon
  4581 | D:7      | Reached XP level 9. HP: 93/93 MP: 8/8
  4648 | D:7      | Reached skill level 9 in Unarmed Combat
  4648 | D:7      | Reached skill level 1 in Invocations
  4775 | D:7      | HP: 3/94 [ogre/giant club (34)]
  5861 | D:8      | Noticed a troll
  5872 | D:8      | Killed a troll
  5875 | D:8      | Noticed a two-headed ogre
  5887 | D:8      | Killed a two-headed ogre
  5887 | D:8      | Reached skill level 10 in Unarmed Combat
  5887 | D:8      | Reached XP level 10. HP: 55/105 MP: 11/11
  5995 | D:8      | Found a glowing golden altar of the Shining One.
  6187 | D:5      | Identified the +1 robe "Amadiuj" {Dex+8} (You found it on level 5 of the Dungeon)
  6599 | D:8      | Reached *** piety under Elyvilon
  6601 | D:8      | Reached skill level 11 in Unarmed Combat
  6601 | D:8      | Reached XP level 11. HP: 117/117 MP: 13/13
  6602 | D:8      | Reached skill level 10 in Fighting
  6602 | D:8      | Reached skill level 12 in Unarmed Combat
  6602 | D:8      | Reached XP level 12. HP: 127/127 MP: 14/14
  6814 | D:9      | Noticed a two-headed ogre
  6820 | D:9      | Killed a two-headed ogre
  6995 | D:9      | Found an ancient bone altar of Kikubaaqudgha.
  7034 | D:9      | Reached skill level 1 in Armour
  7071 | D:9      | Noticed a three-headed hydra
  7505 | D:9      | Found a white marble altar of Elyvilon.
  7553 | D:9      | Found a shimmering altar of Xom.
  7573 | D:9      | Found a shimmering altar of Xom.
  7574 | D:9      | Found a deep blue altar of Sif Muna.
  7577 | D:9      | Found a shimmering altar of Xom.
  7577 | D:9      | Found a stormy altar of Qazlal.
  7727 | D:9      | Reached skill level 5 in Invocations
  7748 | D:9      | Noticed a centaur warrior
  7778 | D:9      | Killed a centaur warrior
  7788 | D:9      | Got a translucent morningstar {crush}
  7875 | D:9      | Identified the cursed +0 morningstar of Annihilation {crush, rN++} (You took it off a centaur warrior on level 9 of the Dungeon)
  8088 | D:9      | Identified Zewoqos's Tome of Cloudy Evil Rituals
  8281 | D:9      | Reached **** piety under Elyvilon
  8403 | D:10     | Entered Level 10 of the Dungeon
  8413 | D:10     | Noticed a two-headed ogre
  8417 | D:10     | Killed a two-headed ogre
  8556 | D:10     | Reached skill level 13 in Unarmed Combat
  8903 | D:10     | Found a staircase to the Lair.
  9394 | Lair:1   | Entered Level 1 of the Lair of Beasts
  9394 | Lair:1   | Found a labyrinth entrance.
  9408 | Lab      | Entered a labyrinth
  9741 | Lab      | Found the +5 pair of quick blades "Gyre" and "Gimble" {pierce, Dex-3}
  9741 | Lab      | Noticed a minotaur
  9756 | Lab      | Killed a minotaur
  9758 | Lab      | Got a brightly glowing eveningstar {elec}
  9769 | Lab      | Identified the Handbook of the Compass
  9839 | D:10     | Identified the +9 eveningstar of Annoyance {elec, *Slow Int+8 SInv} (You took it off a minotaur in a labyrinth)
  9859 | Lair:1   | Reached ***** piety under Elyvilon
  9997 | Lair:1   | Reached XP level 13. HP: 131/137 MP: 16/16
 10612 | Lair:2   | Found a hole to the Spider Nest.
 10991 | Lair:2   | Reached skill level 1 in Shields
 11851 | Lair:3   | Found a staircase to the Swamp.
 12020 | Lair:3   | Reached ****** piety under Elyvilon
 12908 | Lair:5   | Noticed Rupert
 13155 | Lair:5   | Found a viscous altar of Jiyva.
 13155 | Lair:5   | Found a staircase to the Slime Pits.
 13217 | Lair:5   | Got a twisted robe
 13273 | Lair:5   | Reached skill level 14 in Unarmed Combat
 13646 | Lair:5   | Identified the +2 robe "Zifitt" {rElec Str+3} (You found it on level 5 of the Lair of Beasts)
 13651 | Lair:6   | Entered Level 6 of the Lair of Beasts
 13675 | Lair:6   | Got a heavily jewelled robe
 13708 | Lair:5   | Identified the +1 robe of Protective Custody {MR+ Stlth+} (You found it on level 6 of the Lair of Beasts)
 14707 | Lair:6   | Reached XP level 14. HP: 76/149 MP: 18/18
 15000 | Lair:6   | Killed Rupert
 17050 | D:11     | Reached skill level 15 in Unarmed Combat
 17512 | D:11     | Found a roughly hewn altar of Beogh.
 17512 | D:11     | Found a staircase to the Orcish Mines.
 18475 | D:12     | Paralysed by a wizard for 4 turns
 18873 | D:12     | Paralysed by a wizard for 3 turns
 19463 | D:12     | Reached skill level 1 in Throwing
 19519 | D:12     | Cast into level 2 of the Abyss (a wizard)
 19530 | Abyss:2  | Found a corrupted altar of Lugonu.
 19561 | D:12     | Escaped the Abyss
 19580 | D:12     | Found the +3 warlock's mirror {reflect}
 19598 | D:12     | Cast into level 2 of the Abyss (a wizard)
 19646 | Abyss:2  | Noticed a tentacled starspawn
 19651 | Abyss:2  | Noticed a green very ugly thing
 19731 | Abyss:2  | Noticed a tentacled starspawn
 19744 | Abyss:2  | Noticed a Hell Sentinel
 19749 | Abyss:2  | Noticed a balrug
 19779 | Abyss:2  | Killed a tentacled starspawn
 20027 | Abyss:2  | Noticed a tentacled starspawn
 20063 | Abyss:2  | Killed a tentacled starspawn
 20063 | Abyss:2  | Reached skill level 5 in Shields
 20102 | D:12     | Escaped the Abyss
 20470 | Orc:1    | Entered Level 1 of the Orcish Mines
 20728 | Orc:1    | Found Deep's General Store.
 20737 | Orc:1    | Bought a potion of heal wounds for 65 gold pieces
 20737 | Orc:1    | Bought a scroll of teleportation for 39 gold pieces
 20737 | Orc:1    | Bought a potion of curing for 39 gold pieces
 20846 | Orc:2    | Entered Level 2 of the Orcish Mines
 21190 | Orc:2    | Found a staircase to the Elven Halls.
 21370 | Orc:1    | Reached XP level 15. HP: 158/158 MP: 20/20
 22478 | Orc:2    | Found Gyuxub's Jewellery Shoppe.
 22478 | Orc:2    | Found Systrio's Book Shoppe.
 22479 | Orc:2    | Found Ociwij's Armour Shoppe.
 22479 | Orc:2    | Found Gyryeseu's Book Emporium.
 22494 | Orc:2    | Bought the amulet "Unojonis" {RegenMP rElec MP+9 Str+2 Dex+4} for 1057 gold pieces
 23221 | D:13     | Reached skill level 16 in Unarmed Combat
 24346 | D:14     | Noticed Agnes
 24361 | D:14     | Killed Agnes
 24942 | D:14     | Noticed Nessos
 24951 | D:14     | Killed Nessos
 25249 | D:14     | Found a gate to the Vaults.
 25299 | D:14     | Reached skill level 10 in Dodging
 25356 | D:14     | Noticed Josephine
 25364 | D:14     | Killed Josephine
 25375 | D:14     | Reached skill level 5 in Throwing
 25703 | D:14     | Upgraded the game from 0.22-a0-293-gc9362ec to 0.22-a0-299-g43f9854
 25890 | D:15     | Entered Level 15 of the Dungeon
 26282 | D:15     | Reached skill level 17 in Unarmed Combat
 26349 | D:15     | Reached XP level 16. HP: 126/170 MP: 21/21
 27189 | Spider:1 | Entered Level 1 of the Spider Nest
 27550 | Swamp:1  | Entered Level 1 of the Swamp
 28815 | Swamp:1  | Got a shimmering arbalest
 30280 | Swamp:2  | Identified a scroll of acquirement
 31128 | Swamp:4  | Entered Level 4 of the Swamp
 32015 | Swamp:3  | HP: 4/171 [eight-headed hydra (11)]
 32015 | Swamp:3  | Slain by an eight-headed hydra

Vault maps used:
D:1:      dpeg_arrival_oval
D:3:      gammafunk_wand_slinger, lemuel_coloured_pillars_altar,
          amethyst_overflow_temple_binary
D:4:      nicolae_ru_awakened_eye, grunt_ministairs_6
D:5:      first_ration, grunt_ministairs_11, columned_hall_lemuel, tgw_xom,
          uniq_duvessa, uniq_prince_ribbit1
D:6:      old_standard_altar, st_stairs_8
D:7:      temple_green
D:8:      old_standard_altar
D:9:      minmay_the_grid_octo_tiled_squarecenter, kiku_gazebo_garden_becter,
          hangedman_ranch, nrook_guardian_serpent_ordinary
D:10:     minmay_lair_entry_grove
D:11:     david_orc_5
D:12:     minmay_smoke_and_mirrors
D:13:     lemuel_troll_bridge
D:14:     lightli_vaults_fourway_checkpoint, grunt_decor_cap, uniq_nessos,
          uniq_agnes, uniq_josephine
D:15:     hangedman_depths_entry_try_elsewhere_first, serial_undead,
          serial_undead_a, serial_undead_b, serial_undead_f, serial_undead_b,
          serial_undead_d, serial_undead_a
Temple:   regret_index_temple_generic_petals
Lair:1:   lab_entry_generic, infiniplex_staircase_pool_2
Lair:2:   spider_nest_entry_web_field, beast_lair_carwin_4, grunt_megastairs_4
Lair:3:   swamp_mist
Lair:5:   dpeg_slime_entry_enclosed_altar, uniq_rupert
Lair:6:   minmay_lair_end_frog_pond, minivault_27
Swamp:1:  nicolae_swamp_little_tower, swamp_pool4, hangedman_swamp_diagram
Swamp:2:  evilmike_swamp_ruin_house_4
Swamp:3:  evilmike_swamp_ruin_house_2, swamp_pool1, infiniplex_staircase_pool
Swamp:4:  swamp_alternative, swamp_pool5, nicolae_swamp_rocky_clearing
Spider:1: uniq_donald
Orc:1:    serial_shops, shop_statue
Orc:2:    st_orc_pillars
Lab:      nicolae_lab_dead_adventurers, labyrinth_skeletal_remains,
          labyrinth_glass_1, nicolae_lab_t_cross, nicolae_lab_statue,
          labyrinth_lava_lair, nicolae_lab_flowing_pool, lab_statue,
          nicolae_lab_x, nicolae_lab_very_dead_end

Skill      XL: |  1  2  3  4  5  6  7  8  9 10 11 12 13 14 15 16 |
---------------+-------------------------------------------------+-----
Fighting       | 3 4 5 6 7 8 9 10 11 12 13 | 13.8
Unarmed Combat | 4 5 6 7 8 10 11 12 13 14 15 17 | 17.8
Invocations    | 3 4 6 7 8 |  8.4
Dodging        | 3 6 7 8 9 10 11 | 11.1
Armour         | 2 |  2.7
Shields        | 3 5 6 |  6.7
Throwing       | 2 5 |  5.0
Stealth        | |  1.0

Action                   |  1- 3 |  4- 6 |  7- 9 | 10-12 | 13-15 | 16-18 || total
-------------------------+-------+-------+-------+-------+-------+-------++-------
Melee: Unarmed           |    81 |   140 |   275 |   302 |  1700 |   537 ||  3035
       Punch             |     2 |     4 |     9 |    25 |     4 |       ||    44
       Halberd           |       |       |       |       |     4 |       ||     4
Throw: Large rock        |       |       |       |       |     2 |    13 ||    15
Invok: Lesser Healing    |       |       |     2 |     2 |       |       ||     4
       Heal Other        |       |       |       |     3 |     8 |    12 ||    23
       Greater Healing   |       |       |       |       |    11 |     7 ||    18
       Divine Protection |       |       |       |       |     1 |     1 ||     2
       Purification      |       |       |       |       |     1 |     1 ||     2
       Divine Vigour     |       |       |       |       |     1 |     1 ||     2
Evoke: Wand              |       |    14 |       |    10 |    32 |     7 ||    63
  Use: Scroll            |     1 |     6 |     5 |    16 |    13 |    10 ||    51
       Potion            |       |       |     5 |     8 |     4 |     2 ||    19
 Stab: Sleeping          |     4 |     1 |     2 |     4 |     7 |       ||    18
       Invisible         |       |       |     2 |       |       |       ||     2
       Distracted        |       |       |       |     1 |     4 |       ||     5
       Paralysed         |       |       |       |       |     2 |       ||     2
  Eat: Chunk             |    13 |    11 |    34 |    43 |   152 |    45 ||   298
       Ration            |       |       |       |       |     2 |     4 ||     6
Armor: Robe              |    21 |    50 |    74 |     8 |    58 |    13 ||   224
       Troll leather arm |       |       |       |    70 |   120 |    66 ||   256
       Acid dragon scale |       |       |       |       |     4 |       ||     4
       Swamp dragon scal |       |       |       |       |       |    52 ||    52
Dodge: Dodged            |    24 |    70 |   126 |   170 |   549 |   348 ||  1287
Block: Shield            |       |       |       |       |   518 |   317 ||   835
       Large shield      |       |       |       |       |       |    32 ||    32

Table legend:
 A = Spawn XP
 B = Non-spawn XP
 C = Spawn XP percentage of total XP
 D = Spawn monster count
 E = Non-spawn monster count
 F = Spawn count percentage of total count
 G = Total turns spent on level
                    A         B        C        D         E        F      G
               +---------+---------+-------+---------+---------+-------+---------
         Total |    3815 |  175063 |   2.1 |       6 |     859 |   0.7 | 32015
               +---------+---------+-------+---------+---------+-------+---------
           D:1 |       0 |      52 |   0.0 |       0 |      20 |   0.0 |   537
           D:2 |       0 |      59 |   0.0 |       0 |      22 |   0.0 |   466
           D:3 |       0 |     239 |   0.0 |       0 |      28 |   0.0 |   777
           D:4 |       0 |     393 |   0.0 |       0 |      17 |   0.0 |   847
           D:5 |       0 |    1107 |   0.0 |       0 |      29 |   0.0 |   810
           D:6 |       0 |     614 |   0.0 |       0 |      15 |   0.0 |   841
           D:7 |       0 |    1704 |   0.0 |       0 |      32 |   0.0 |  1636
           D:8 |       0 |    2179 |   0.0 |       0 |      21 |   0.0 |   718
           D:9 |       0 |    7802 |   0.0 |       0 |      50 |   0.0 |  1559
          D:10 |       0 |    4091 |   0.0 |       0 |      28 |   0.0 |  1222
          D:11 |       0 |    2375 |   0.0 |       0 |      57 |   0.0 |  1303
          D:12 |       0 |    9011 |   0.0 |       0 |      35 |   0.0 |  1760
          D:13 |       0 |    9539 |   0.0 |       0 |      44 |   0.0 |  1408
          D:14 |       0 |   19959 |   0.0 |       0 |      43 |   0.0 |  1862
          D:15 |       0 |   19225 |   0.0 |       0 |      60 |   0.0 |   878
        Lair:1 |       0 |    3531 |   0.0 |       0 |      18 |   0.0 |   823
        Lair:2 |       0 |    4450 |   0.0 |       0 |      24 |   0.0 |  1092
        Lair:3 |       0 |    1838 |   0.0 |       0 |       8 |   0.0 |   748
        Lair:4 |       0 |    1182 |   0.0 |       0 |       6 |   0.0 |   676
        Lair:5 |       0 |    4346 |   0.0 |       0 |      18 |   0.0 |  1361
        Lair:6 |       0 |   23140 |   0.0 |       0 |      74 |   0.0 |  2582
       Swamp:1 |       0 |    4634 |   0.0 |       0 |      20 |   0.0 |  1159
       Swamp:2 |       0 |   15750 |   0.0 |       0 |      40 |   0.0 |  1562
       Swamp:3 |       0 |    5516 |   0.0 |       0 |      14 |   0.0 |  1315
       Swamp:4 |       0 |    8637 |   0.0 |       0 |      17 |   0.0 |   429
      Spider:1 |       0 |    1562 |   0.0 |       0 |       4 |   0.0 |   116
         Orc:1 |       0 |    1841 |   0.0 |       0 |      28 |   0.0 |   503
         Orc:2 |       0 |   12151 |   0.0 |       0 |      71 |   0.0 |  1849
       Abyss:2 |    3815 |    6684 |  36.3 |       6 |      11 |  35.3 |   546
           Lab |       0 |    1452 |   0.0 |       0 |       5 |   0.0 |   418
               +---------+---------+-------+---------+---------+-------+---------
